 Dungeon Crawl Stone Soup version 0.30-a0-116-g3b1a8e4ee4 (webtiles) character file.

Game seed: 9577591175730372286

1930 frimble the Shooter (level 8, -1/63 HPs)
             Began as a Demonspawn Hexslinger on Sept 12, 2022.
             Killed by nerve-wracking pain
             ... invoked by an orc priest
              (5 damage)
             ... on level 5 of the Dungeon.
             The game lasted 00:09:02 (7438 turns).

frimble the Shooter (Demonspawn Hexslinger)         Turns: 7438, Time: 00:09:03

Health: -1/63      AC:  6    Str:  8    XL:     8   Next: 97%
Magic:  9/9        EV: 12    Int: 15    God:
Gold:   458        SH:  0    Dex: 16    Spells: 6/9 levels left

rFire   . . .      SeeInvis .      - Unarmed
rCold   . . .      Faith    .    (no shield)
rNeg    . . .      Spirit   .    c - +0 robe
rPois   .          Reflect  .    (helmet restricted)
rElec   .          Harm     .    (no cloak)
rCorr   .          Rampage  .    (gloves unavailable)
Will    +....                    r - +0 pair of boots
Stlth   +.........               (no amulet)
HPRegen 0.20/turn                g - ring of wizardry
MPRegen 0.11/turn                l - ring of willpower

@: confused, lethally poisoned (-1 -> -15), ambrosia-drunk
A: claws 3, thin metallic scales 2, demonic guardian 1, horns 1, robust 1, weak
1, evolution 1
a: no special abilities


You were on level 5 of the Dungeon.
You visited 1 branch of the dungeon, and saw 5 of its levels.

You collected 458 gold pieces.

Inventory:

Hand Weapons
 a - a +3 sling of flaming
Missiles
 k - 11 javelins
 s - a throwing net
Armour
 c - a +0 robe (worn)
 r - a +0 pair of boots (worn)
 t - a +1 helmet
 u - +0 ice dragon scales
Jewellery
 f - a ring of protection from cold
 g - a ring of wizardry (left claw)
 l - a ring of willpower (right claw)
Wands
 m - a wand of flame (2)
 o - a wand of roots (6)
Scrolls
 b - 2 scrolls of poison
 d - 2 scrolls of vulnerability
 i - a scroll of brand weapon
 j - a scroll of butterflies
 n - 2 scrolls of identify
Potions
 e - 2 potions of magic
 h - a potion of attraction


   Skills:
 + Level 3.4 Fighting
 - Level 1.0 Long Blades
 + Level 6.4 Ranged Weapons
 - Level 1.9 Dodging
 + Level 5.7 Unarmed Combat
 - Level 1.2 Spellcasting
 - Level 3.1 Hexes
 - Level 5.0 Translocations


You had 6 spell levels left.
You knew the following spells:

 Your Spells              Type           Power      Damage    Failure   Level
a - Slow                  Hex            40%        N/A       2%          1
b - Blink                 Tloc           30%        N/A       1%          2

Your spell library contained the following spells:

 Spells                   Type           Power      Damage    Failure   Level
 Lesser Beckoning         Tloc           15%        N/A       4%          3
 Portal Projectile        Hex/Tloc       26%        N/A       6%          3
 Magic Dart               Conj           0%         1d3       10%         1
 Manifold Assault         Tloc           15%        N/A       12%         4
 Call Imp                 Summ           0%         N/A       16%         2
 Inner Flame              Hex/Fire       5%         N/A       16%         3
 Cause Fear               Hex            5%         N/A       26%         4
 Mephitic Cloud           Conj/Pois/Air  0%         N/A       28%         3


Dungeon Overview and Level Annotations

Branches:
Dungeon (5/15)
 Temple: D:4-7

Altars:

Shops:
D:2 ([


Innate Abilities, Weirdness & Mutations

You have claws for hands.
You are mostly covered in thin metallic scales. (AC +3)
A weak demonic guardian rushes to your aid.
You have a pair of small horns on your head.
You are robust. (+10% HP)
You are weak. (Str -2)
You have hidden genetic potential.


Message History

The water moccasin is almost dead.
You feel sick.
You are no longer poisoned.
The water moccasin bites you!
You are poisoned.
The water moccasin poisons you!
You closely miss the water moccasin.
The water moccasin is almost dead.
You feel very sick. The water moccasin bites you.
* * * LOW HITPOINT WARNING * * *
You are lethally poisoned!
The water moccasin poisons you!
Okay, then.
Aiming: Fastroot
Press: ? - help, Shift-Dir - straight line, f - water moccasin
Aim: a water moccasin (almost dead)
The roots erupt in riotous growth!
Roots grab the water moccasin.
Roots grab the orc priest.
The grasping roots constrict the water moccasin.
You kill the water moccasin!
The grasping roots constrict the orc priest.
* * * LOW HITPOINT WARNING * * *
You feel extremely sick.
You hear a bark!
Something shouts, "Scamper away, thou pandering bat-fowling scavenger!"
The orc priest casts a cantrip, but nothing happens.
You are confused.
You feel invigorated.
The grasping roots constrict the orc priest!
* * * LOW HITPOINT WARNING * * *
You feel very sick.
The roots release their grip on the orc priest.
The orc priest attacks as you move away!
The orc priest hits you with a +0 dagger.
* * * LOW HITPOINT WARNING * * *
x2 You feel very sick.
The orc priest calls down the wrath of Beogh upon you.
Pain shoots through your body!
You die... so

. ##.....####. o# ..
#..#.#..#... .o##$..
#.......###.
.#$$#..#####'#### ##
.S.....#.....# #
##########W.....##.....##
#.#......'......#..#.#..#
#.#......########...#...#
#.#..##.{'so.@..'..#.#..#
#.#..##..####'####.....###
#.#......# ##....##...##.#
#.#......###......##.###.#
#.#########..#..#..### #.#
#.# #...##...# #.# #.#
#...##...# #.# #.#
#..#..#..# #.##### #.#####
##......## #......


You could see a scorpion and an orc priest.

Vanquished Creatures
  2 water moccasins (D:5)
  2 black bears (D:5)
  An ogre (D:4)
  2 phantoms (D:5)
  A necrophage (D:4)
  2 scorpions (D:5)
  A howler monkey (D:5)
  2 jellies
  A hound (D:3)
  5 orc priests
  A gnoll bouda (D:4)
  4 iguanas
  Terence (D:3)
  Natasha (thrice) (D:2)
  9 orc wizards
  9 gnolls
  11 adders
  A white imp (D:5)
  An ufetubus (D:4)
  3 worms
  3 dart slugs
  25 orcs
  12 ball pythons
  4 endoplasms
  2 giant cockroaches
  5 goblins
  3 hobgoblins
  16 jackals
  2 quokkas
  6 bats
  4 frilled lizards
  10 kobolds
  5 rats
159 creatures vanquished.

Vanquished Creatures (collateral kills)
  An iguana (D:4)
  An orc wizard (D:3)
  A kobold (D:4)
3 creatures vanquished.

Grand Total: 162 creatures vanquished

Notes
Turn   | Place    | Note
-------+----------+-------------------------------------------
     0 | D:1      | frimble the Demonspawn Hexslinger began the quest for the
                  | Orb.
     0 | D:1      | Reached XP level 1. HP: 15/15 MP: 2/2
   264 | D:1      | Gained mutation: You are partially covered in thin metallic
                  | scales. (AC +2) [demonic ancestry]
   264 | D:1      | Reached XP level 2. HP: 21/21 MP: 3/3
   346 | D:1      | Reached skill level 2 in Ranged Weapons
   459 | D:1      | Found a faded altar of an unknown god.
   599 | D:1      | Learned a level 2 spell: Blink
   636 | D:1      | Reached skill level 1 in Long Blades
   636 | D:1      | Gained mutation: You have sharp fingernails. [demonic
                  | ancestry]
   636 | D:1      | Reached XP level 3. HP: 25/26 MP: 4/4
  1163 | D:2      | You fall into a shaft and drop 1 floor!
  1182 | D:3      | Noticed Terence
  1269 | D:2      | Noticed Natasha
  1281 | D:2      | Killed Natasha
  1282 | D:2      | Reached skill level 1 in Translocations
  1608 | D:2      | Found Woomump's Armour Emporium.
  1719 | D:2      | Reached skill level 1 in Unarmed Combat
  1719 | D:2      | Gained mutation: You have very sharp fingernails. [demonic
                  | ancestry]
  1719 | D:2      | Reached XP level 4. HP: 28/32 MP: 5/5
  1735 | D:2      | Noticed Natasha
  1738 | D:2      | Killed Natasha
  2082 | D:2      | Found Maoh's Antique Weapon Shoppe.
  2184 | D:2      | Reached skill level 3 in Ranged Weapons
  2268 | D:2      | Noticed Natasha
  2271 | D:2      | Killed Natasha
  2272 | D:2      | Gained mutation: You have claws for hands. [demonic
                  | ancestry]
  2272 | D:2      | Reached XP level 5. HP: 37/37 MP: 6/6
  2314 | D:3      | HP: 2/55 [orc wizard/puff of flame (8)]
  2650 | D:3      | Gained mutation: A weak demonic guardian rushes to your
                  | aid. [demonic ancestry]
  2650 | D:3      | Reached XP level 6. HP: 43/43 MP: 7/7
  3904 | D:3      | Killed Terence
  3963 | D:4      | Reached skill level 4 in Ranged Weapons
  4305 | D:4      | Gained mutation: You are mostly covered in thin metallic
                  | scales. (AC +3) [demonic ancestry]
  4305 | D:4      | Reached XP level 7. HP: 43/48 MP: 8/8
  5896 | D:5      | Entered Level 5 of the Dungeon
  6019 | D:5      | Reached skill level 5 in Ranged Weapons
  6364 | D:5      | Reached XP level 8. HP: 50/54 MP: 9/9
  6661 | D:5      | Gained mutation: You are weak. (Str -2) [potion of
                  | mutation]
  6661 | D:5      | Gained mutation: You have hidden genetic potential. [potion
                  | of mutation]
  6661 | D:5      | Gained mutation: You have a pair of small horns on your
                  | head. [potion of mutation]
  6661 | D:5      | Gained mutation: You are robust. (+10% HP) [potion of
                  | mutation]
  6681 | D:5      | Reached skill level 5 in Translocations
  6972 | D:5      | Reached skill level 5 in Unarmed Combat
  7176 | D:5      | Reached skill level 6 in Ranged Weapons
  7438 | D:5      | Killed from afar by an orc priest

Illustrated notes

Levels and vault maps discovered:
D:1:      saegor_arrival_under_anarchy, layout_basic,
          shapermc_ecumenical_altar_mp_highgroup
D:2:      layout_basic, serial_shops, nicolae_shop_hallway_stairs,
          nicolae_lakefront_shop, uniq_natasha
D:3:      layout_basic, nrook_campfire, uniq_terence
D:4:      minmay_wonky_spiral, layout_loops_ring, nicolae_eternal_life
D:5:      minmay_polygon_palace, layout_loops_ring,
          gammafunk_temple_overflow_forgotten

Skill      XL: |  1  2  3  4  5  6  7  8 |
---------------+-------------------------+-----
Ranged Weapons | 2 3 4 5 6 |  6.4
Long Blades    | 1 |  1.0
Translocations | 1 2 3 4 5 |  5.0
Unarmed Combat | 1 2 3 4 5 |  5.7
Fighting       | 3 |  3.4
Dodging        | |  1.9
Spellcasting   | |  1.2
Hexes          | |  3.1

Action                   |  1- 3 |  4- 6 |  7- 9 || total
-------------------------+-------+-------+-------++-------
Melee: Falchion          |     3 |       |       ||     3
       Unarmed           |       |   121 |   163 ||   284
       Punch             |       |     1 |     8 ||     9
       Headbutt          |       |       |    12 ||    12
 Fire: Sling             |    96 |    75 |   107 ||   278
 Cast: Slow              |     2 |       |       ||     2
       Blink             |       |       |     1 ||     1
Evoke: Wand              |       |     1 |     2 ||     3
  Use: Scroll            |     2 |    10 |     1 ||    13
       Potion            |       |     5 |     3 ||     8
 Stab: Sleeping          |       |       |     2 ||     2
Armor: Robe              |    19 |    34 |    45 ||    98
       Skin              |       |     8 |       ||     8
       Scale mail        |       |     6 |       ||     6
Dodge: Dodged            |    33 |    86 |    81 ||   200

Table legend: (Time is in decaauts)
 A = Elapsed time spent in this place.
 B = Non-inter-level travel time spent in this place.
 C = Inter-level travel time spent in this place.
 D = Time resting spent in this place.
 E = Time spent auto-exploring this place.
 F = Levels seen in this place.
 G = Mean time per level.
                   A        B        C        D        E       F      G
               +--------+--------+--------+--------+--------+-----+--------+
         Total |   7461 |   7198 |    263 |    523 |   5578 |   5 | 1492.2 |
       Dungeon |   7461 |   7198 |    263 |    523 |   5578 |   5 | 1492.2 |
               +--------+--------+--------+--------+--------+-----+--------+

Top non-repeatable levels by time:
     D:4: 2108 daAuts
     D:3: 1456 daAuts
     D:2: 1375 daAuts
     D:5: 1340 daAuts
     D:1: 1181 daAuts
